 Dungeon Crawl Stone Soup version 0.30-a0-757-ga6a79fd877 (webtiles) character file.

Game seed: 12630274098236553789

77 sircluck the Sneak (level 4, 0/23 HPs)
             Began as a Spriggan Brigand on Feb 9, 2023.
             Slain by an adder (3 damage)
             ... on level 3 of the Dungeon.
             The game lasted 00:04:43 (2091 turns).

sircluck the Sneak (Spriggan Brigand)               Turns: 2091, Time: 00:04:44

Health: 0/23       AC:  3    Str:  7    XL:     4   Next: 14%
Magic:  5/5        EV: 17    Int: 12    God:
Gold:   115        SH:  0    Dex: 18    Spells: 3/3 levels left

rFire   . . .      SeeInvis +    a - +2 dagger
rCold   . . .      Faith    .    (no shield)
rNeg    . . .      Spirit   .    b - +0 robe
rPois   .          Reflect  .    (helmet restricted)
rElec   .          Harm     .    c - +0 cloak
rCorr   .          Rampage  .    (gloves unavailable)
Will    .....                    (boots unavailable)
Stlth   ++++                     (no amulet)
HPRegen 0.23/turn                (no ring)
MPRegen 0.09/turn                (no ring)

@: very quick
A: very small, no large weapons, unfitting armour, see invisible, speed 3
a: no special abilities


You were on level 3 of the Dungeon.
You visited 1 branch of the dungeon, and saw 3 of its levels.

You collected 115 gold pieces.

Inventory:

Hand Weapons
 a - a +2 dagger (weapon)
Missiles
 d - 2 poisoned darts (quivered)
 e - 3 curare-tipped darts
 f - a throwing net
 i - 22 stones
Armour
 b - a +0 robe (worn)
 c - a +0 cloak (worn)
 n - a scarf of harm
Magical Staves
 r - a staff of fire
Jewellery
 q - a +6 ring of intelligence
Scrolls
 g - a scroll of noise {unknown}
 h - 4 scrolls of identify {unknown}
 k - 3 scrolls of teleportation {unknown}
 m - a scroll of fog {unknown}
Potions
 j - 2 potions of experience {unknown}
 l - a potion of brilliance {unknown}
 o - 2 potions of flight {unknown}
 p - a potion of degeneration {unknown}
 s - a potion of invisibility {unknown}


   Skills:
 + Level 1.9 Fighting
 + Level 3.1 Short Blades
 + Level 2.3 Throwing
 + Level 2.1 Dodging
 + Level 7.0 Stealth


You had 3 spell levels left.
You didn't know any spells.
Your spell library contained the following spells:

 Spells                   Type           Power      Damage    Failure   Level
 Static Discharge         Conj/Air       0%         2-2/arc   45%         2
 Frozen Ramparts          Ice            0%         1d1       69%         3
 Ignite Poison            Fire/Tmut/Pois 0%         N/A       69%         3
 Vhi's Electric Charge    Tloc/Air       0%         N/A       69%         3
 Ice Form                 Ice/Tmut       0%         N/A       97%         4
 Sticky Flame             Conj/Fire      0%         2d3       97%         4
 Summon Ice Beast         Ice/Summ       0%         N/A       97%         4
 Arcjolt                  Conj/Air       0%         1d10      100%        5
 Lightning Bolt           Conj/Air       0%         1d11      100%        5
 Ignition                 Fire           0%         3d3       100%        8


Dungeon Overview and Level Annotations

Branches:
Dungeon (3/15)

Altars:
Uskayaw

Shops:
D:1 ([*


Innate Abilities, Weirdness & Mutations

You are very small and have problems with some larger weapons.
You are too small for most types of armour.
You have supernaturally acute eyesight. (SInv)
You cover ground extremely quickly. (Speed+++)


Message History

You are too injured to fight recklessly!
You are too injured to fight recklessly!
You are too injured to fight recklessly!
You are too injured to fight recklessly!
You are too injured to fight recklessly!
You are too injured to fight recklessly!
You are too injured to fight recklessly!
You are too injured to fight recklessly!
You are too injured to fight recklessly!
You are too injured to fight recklessly!
You are too injured to fight recklessly!
You are too injured to fight recklessly!
You barely miss the adder.
The adder is moderately wounded.
The adder bites you.
You are poisoned.
The adder poisons you! The adder bites you.
You feel sick. The adder closely misses you.
You hit the adder.
The adder is almost dead.
You feel sick. The adder bites you but does no damage. The adder misses you.
You hit the adder.
The adder is almost dead.
You feel sick. The adder bites you.
* * * LOW HITPOINT WARNING * * *
The adder misses you.
You hit the adder.
You kill the adder!
You feel sick. The adder barely misses you.
Your Stealth skill increases to level 7!
You feel sick. The adder barely misses you.
You feel sick.
You feel sick.
You are no longer poisoned.
You see here a poisoned dart.
There is an open door here.
You barely miss the adder.
The adder is moderately wounded.
The adder bites you.
You die...

#.# #.......# #.# #.#
######S#####..# #.#
#(...........>..
######.####.###############
#.........#(#
#.........#.#####
#.........#.....#
#.........#.....#
#.........#..S@.#
#.......(.'.....#
#.........#######
#.........# ###########


You could see an adder.

Vanquished Creatures
  2 adders (D:3)
  A worm (D:3)
  A dart slug (D:2)
  9 bats
  5 endoplasms
  3 giant cockroaches
  4 goblins
  4 hobgoblins
  4 kobolds
  8 ball pythons
  5 frilled lizards
  4 rats
  A spectral kobold (D:1)
51 creatures vanquished.

Notes
Turn   | Place    | Note
-------+----------+-------------------------------------------
     0 | D:1      | sircluck the Spriggan Brigand began the quest for the Orb.
     0 | D:1      | Reached XP level 1. HP: 10/10 MP: 2/2
    72 | D:1      | Reached skill level 6 in Stealth
    90 | D:1      | Found Kulu's Weapon Boutique.
   186 | D:1      | Reached XP level 2. HP: 14/15 MP: 3/3
   210 | D:1      | Found a faded altar of an unknown god.
   212 | D:1      | Found Yntempigh's Antique Armour Emporium.
   593 | D:1      | Reached XP level 3. HP: 18/18 MP: 4/4
   746 | D:1      | Found Burchatu's Assorted Antiques.
  1018 | D:2      | Found a hide-covered altar of Uskayaw.
  1837 | D:3      | Reached XP level 4. HP: 14/23 MP: 5/5
  2077 | D:3      | Reached skill level 7 in Stealth
  2091 | D:3      | Slain by an adder

Illustrated notes

Levels and vault maps discovered:
D:1:      scummos_arrival_simple_crosswalls, layout_basic, serial_shops,
          nicolae_shop_stone, nicolae_shop_bloodbath_and_beyond,
          nicolae_shop_advertising_works [nicolae_subvault_shop_adworks],
          dreamdust_ecumenical_altar_drowned_temple, minmay_cut_off
D:2:      layout_loops_cross, basic_altar, minmay_bisected
D:3:      layout_basic, dreamdust_mushroom_princess

Skill      XL: |  1  2  3  4 |
---------------+-------------+-----
Stealth        | 6 7 |  7.0
Short Blades   | 3 |  3.1
Dodging        | 2 |  2.1
Fighting       | |  1.9
Throwing       | |  2.3

Action                     |  1- 3 |  4- 6 || total
---------------------------+-------+-------++-------
  Melee: Dagger            |   129 |    14 ||   143
         Punch             |     3 |       ||     3
  Throw: Dart              |     4 |     7 ||    11
   Stab: Sleeping          |    12 |       ||    12
 Armour: Robe              |    24 |     1 ||    25
  Dodge: Dodged            |    78 |    14 ||    92

Table legend: (Time is in decaauts)
 A = Elapsed time spent in this place.
 B = Non-inter-level travel time spent in this place.
 C = Inter-level travel time spent in this place.
 D = Time resting spent in this place.
 E = Time spent auto-exploring this place.
 F = Levels seen in this place.
 G = Mean time per level.
                   A        B        C        D        E       F      G
               +--------+--------+--------+--------+--------+-----+--------+
         Total |   1392 |   1263 |    129 |      0 |    879 |   3 |  464.0 |
       Dungeon |   1392 |   1263 |    129 |      0 |    879 |   3 |  464.0 |
               +--------+--------+--------+--------+--------+-----+--------+

Top non-repeatable levels by time:
     D:1: 632 daAuts
     D:2: 448 daAuts
     D:3: 312 daAuts
